Map: Hills of Peshkov

Players

JohnMcClane

  • Race: Zerg Zerg
  • Spawn Location: 5:00

MadDog

  • Race: Zerg Zerg
  • Spawn Location: 6:00

Hindulaatti

  • Race: Zerg Zerg
  • Spawn Location: 7:00

DARKWORK

  • Race: Protoss Protoss
  • League: Gold
  • Spawn Location: 1:00

Leto

  • Race: Terran Terran
  • League: Diamond
  • Spawn Location: 11:00

aska

  • Race: Terran Terran
  • Spawn Location: 12:00

VOD

Have the link to the VOD?

Description

Time

  • Played on: Feb. 1, 2016, 11:14 a.m.
  • Length: 18:31
Show
View Real Time Build Order
Export as new Build Order

JohnMcClane Zerg 

Build Orders: Pool First 

Get SALT Encoding   

  12  0:01  Drone  
  13  0:23  Spawning Pool  
  13  0:26  Drone  
  13  0:30  Extractor  
  13  0:33  Drone  
  13  0:38  Drone  
  14  0:46  Overlord  
  14  0:56  Extractor  
  13  0:57  Drone  
  15  1:12  Zergling x4  
  15  1:14  Queen  
  19  1:21  Zergling x2  
  20  1:33  Overlord  
  20  1:35  Metabolic Boost  
  20  1:42  Zergling x2  
  21  2:10  Hatchery  
  20  2:16  Zergling x6  
  23  2:29  Zergling x6  
  26  2:44  Overlord  
  22  2:53  Drone  
  23  2:59  Drone  
  23  3:01  Spine Crawler  
  23  3:05  Queen  
  25  3:19  Drone x4  
  27  3:28  Drone  
  28  3:40  Drone  
  27  3:49  Drone  
  27  3:59  Drone  
  28  4:06  Drone x3  
  28  4:09  Spore Crawler  
  29  4:13  Spore Crawler  
  28  4:20  Extractor  
  26  4:32  Extractor  
  25  4:41  Drone x3  
  28  4:53  Lair  
  28  4:54  Drone x8  
  36  5:09  Drone x2  
  38  5:18  Drone x2  
  40  5:31  Extractor  
  39  5:39  Zergling x2  
  39  5:40  Zergling x8  
  44  5:52  Spine Crawler  
  35  6:25  Drone  
  35  6:26  Drone x4  
  35  6:31  Drone x4  
  38  7:13  Drone x5  
  43  7:15  Overlord  
  43  7:23  Hatchery  
  43  7:26  Drone  
  43  7:29  Spore Crawler  
  42  7:30  Spine Crawler  
  41  7:40  Queen  
  43  7:47  Spire  
  42  7:52  Spine Crawler  
  42  7:53  Drone x3  
  42  7:54  Drone x6  
  42  7:56  Extractor  
  49  8:09  Extractor  
  48  8:14  Extractor  
  48  8:16  Drone x4  
  51  8:38  Drone x6  
  57  8:51  Overlord  
  57  8:52  Overlord x4  
  57  9:03  Overlord x2  
  57  9:14  Zerg Flyer Weapons Level 1  
  57  9:19  Mutalisk x7  
  57  9:23  Mutalisk  
  73  9:26  Drone x3  
  76  9:34  Hatchery  
  75  9:44  Overlord x2  
  75  10:11  Mutalisk x8  
  75  10:12  Mutalisk x2  
  75  10:13  Overlord x2  
  95  10:30  Zergling x14  
  102  10:43  Spine Crawler x2  
  102  10:46  Mutalisk x3  
  104  11:11  Zergling x20  
  114  11:22  Evolution Chamber  
  114  11:23  Drone x5, Mutalisk  
  114  11:24  Evolution Chamber  
  119  11:27  Zerg Flyer Armor Level 1  
  119  11:28  Queen  
  121  11:48  Spore Crawler  
  110  12:03  Mutalisk x2  
  110  12:04  Mutalisk x12  
  138  12:18  Zerg Melee Weapons Level 1  
  138  12:19  Zerg Ground Armor Level 1  
  97  12:46  Mutalisk x5  
  97  12:48  Zergling x26  
  118  13:01  Hatchery  
  118  13:05  Zergling x16  
  89  13:38  Mutalisk x8  
  102  13:55  Zergling x30  
  102  14:28  Zergling x12  
  84  15:04  Zerg Flyer Weapons Level 2  
  84  15:06  Hatchery, Corruptor x8  
  84  15:07  Corruptor x2  
  99  15:28  Spore Crawler  
  98  15:34  Spore Crawler  
  75  16:31  Zergling x16  
  74  17:06  Hatchery  
  63  17:37  Zergling x2, Mutalisk x3  
  63  17:38  Mutalisk x15  
Show
View Real Time Build Order
Export as new Build Order

MadDog Zerg 

Build Orders: Pool First 

Get SALT Encoding   

  12  0:03  Drone  
  13  0:15  Overlord  
  13  0:19  Drone  
  14  0:35  Spawning Pool  
  14  0:41  Drone  
  14  0:42  Drone  
  15  0:46  Drone  
  16  0:53  Drone  
  17  1:03  Drone  
  18  1:11  Extractor  
  17  1:24  Zergling x2  
  18  1:26  Zergling x2  
  18  1:27  Hatchery  
  18  1:33  Queen  
  20  1:42  Drone  
  21  1:58  Drone  
  21  1:59  Overlord  
  22  2:22  Zergling x2  
  23  2:23  Metabolic Boost  
  23  2:26  Zergling x2  
  22  2:47  Zergling x4  
  22  2:50  Drone  
  25  2:57  Extractor  
  24  3:00  Drone  
  25  3:05  Lair  
  25  3:12  Zergling x4  
  27  3:23  Drone x3  
  30  3:40  Drone x3  
  30  3:41  Drone  
  34  3:55  Zergling x4  
  36  3:56  Overlord  
  36  4:02  Extractor  
  35  4:10  Spore Crawler  
  35  4:16  Drone x2, Extractor  
  35  4:28  Spore Crawler  
  34  5:16  Drone  
  34  5:17  Drone x4  
  39  5:28  Queen  
  41  5:37  Overlord  
  41  5:43  Queen  
  43  6:17  Hatchery  
  35  6:18  Queen  
  35  6:21  Zergling x4  
  35  6:23  Zergling x2  
  29  6:26  Zergling x4  
  20  6:43  Zergling x4  
  17  6:53  Drone  
  18  6:54  Queen  
  20  7:30  Queen  
  20  7:32  Drone  
  23  7:40  Drone  
  23  7:42  Drone  
  23  7:43  Drone x5  
  30  8:02  Drone  
  31  8:05  Queen  
  31  8:06  Drone x2  
  35  8:17  Drone  
  36  8:23  Drone  
  36  8:25  Drone x2  
  39  8:36  Drone x3  
  39  8:38  Drone  
  39  8:39  Drone  
  39  8:40  Overlord  
  44  9:06  Overlord  
  44  9:07  Overlord x3  
  44  9:09  Drone  
  45  9:12  Drone x4  
  45  9:13  Drone  
  39  9:37  Drone x4  
  39  10:53  Spire  
  38  11:04  Roach Warren  
  38  11:06  Zergling x2  
  38  11:07  Drone x4  
  38  11:08  Zergling x2  
  43  11:12  Drone x3  
  46  11:38  Hatchery x2  
  44  11:43  Zergling x6  
  47  12:10  Infestation Pit  
  46  12:20  Hatchery  
  45  12:32  Zerg Flyer Weapons Level 1  
  45  12:35  Mutalisk  
  45  12:36  Mutalisk x12  
  45  12:37  Mutalisk x5  
  81  13:28  Mutalisk  
  81  13:29  Mutalisk x6  
  81  13:30  Baneling Nest, Mutalisk  
  96  13:35  Overlord x2  
  72  14:22  Mutalisk x2  
  72  14:23  Mutalisk x3  
  82  14:25  Mutalisk  
  82  14:27  Zerg Flyer Armor Level 1  
  82  14:30  Drone x3  
  87  15:01  Mutalisk  
  87  15:02  Mutalisk x3  
  87  15:04  Zergling x2  
  87  15:05  Zergling x18  
  105  15:24  Extractor  
  104  15:29  Extractor  
  103  15:36  Drone  
  103  15:40  Zergling x6  
  103  15:41  Zergling x22  
  91  17:05  Mutalisk  
  91  17:06  Mutalisk x11  
  91  17:07  Mutalisk  
  115  17:08  Overlord  
  115  17:09  Overlord  
  115  17:10  Overlord x3  
  115  17:11  Overlord  
  75  17:56  Zergling x10  
  75  17:57  Zergling x2, Mutalisk x5  
  86  17:59  Zergling x4  
  86  18:00  Zergling x4  
Show
View Real Time Build Order
Export as new Build Order

Hindulaatti Zerg 

Build Orders: Hatch First 

Get SALT Encoding   

  12  0:01  Drone  
  13  0:11  Drone  
  14  0:18  Overlord  
  14  0:25  Extractor  
  14  0:26  Drone  
  15  0:36  Drone x2  
  17  0:55  Hatchery  
  16  1:00  Drone  
  16  1:01  Drone  
  18  1:17  Spawning Pool  
  17  1:20  Drone  
  17  1:23  Drone  
  19  1:27  Drone  
  20  1:34  Extractor  
  19  1:47  Drone  
  20  2:01  Drone x2  
  22  2:07  Queen  
  22  2:08  Overlord, Queen  
  26  2:11  Drone  
  27  2:30  Drone x2  
  27  2:31  Drone  
  27  2:35  Extractor  
  29  2:44  Roach Warren  
  29  2:47  Queen x2  
  29  2:50  Drone  
  33  2:53  Drone  
  33  2:55  Drone  
  33  2:58  Drone  
  36  3:05  Overlord  
  36  3:33  Roach x4  
  44  3:34  Overlord  
  44  3:53  Roach x4  
  44  3:54  Overlord x2  
  52  4:05  Spore Crawler  
  52  4:06  Spore Crawler  
  52  4:09  Lair  
  50  4:14  Roach  
  50  4:15  Drone  
  53  4:31  Roach x3  
  59  4:36  Drone x2, Extractor  
  61  4:38  Drone  
  61  4:40  Drone  
  60  5:09  Hatchery  
  55  5:20  Spore Crawler  
  52  5:55  Roach x2  
  52  5:56  Roach x6  
  68  5:59  Hydralisk Den  
  68  6:00  Overlord  
  61  6:19  Drone  
  61  6:20  Drone x4  
  54  6:34  Hydralisk  
  54  6:35  Hydralisk  
  52  6:51  Drone x6  
  58  7:08  Drone x6  
  59  7:10  Extractor  
  63  7:31  Drone  
  63  7:32  Drone x10  
  74  7:58  Queen x3  
  80  8:19  Hydralisk  
  82  8:21  Overlord x3  
  82  8:22  Overlord x4  
  82  8:45  Hatchery  
  81  8:58  Hydralisk  
  81  8:59  Hydralisk x18  
  117  9:29  Hydralisk x2  
  117  9:30  Hydralisk x8  
  125  9:59  Drone  
  125  10:07  Hydralisk  
  125  10:08  Hydralisk x8  
  125  10:12  Overlord x2  
  125  10:13  Overlord x4  
  143  10:30  Drone, Queen  
  143  10:31  Drone x6  
  143  10:32  Overseer  
  152  10:40  Spore Crawler  
  151  10:43  Extractor  
  151  10:47  Extractor  
  151  10:48  Queen x2  
  151  10:49  Queen  
  155  10:50  Overlord x2  
  155  10:51  Overlord  
  155  11:06  Queen, Roach  
  155  11:07  Roach x5  
  155  11:09  Drone  
  155  11:10  Drone x6  
  176  11:13  Extractor x2  
  176  11:18  Infestation Pit  
  161  12:29  Spire  
  160  12:35  Spore Crawler  
  159  12:37  Spine Crawler  
  159  12:39  Drone  
  159  12:40  Drone x15  
  174  13:03  Glial Reconstitution  
  174  13:04  Muscular Augments  
  174  13:13  Queen  
  176  13:32  Queen x3  
  182  13:40  Baneling Nest  
  127  13:45  Hydralisk x2  
  127  13:46  Hydralisk x8, Roach x5  
  127  13:47  Hydralisk x7, Roach x7  
  127  13:48  Hydralisk, Roach x6  
  135  13:59  Metabolic Boost  
  135  14:00  Evolution Chamber  
  135  14:02  Evolution Chamber  
  133  14:08  Queen  
  100  14:37  Hydralisk x14  
  100  14:38  Hydralisk x2  
  130  14:55  Hydralisk  
  130  14:56  Hydralisk x3  
  138  15:07  Zerg Missile Weapons Level 1  
  138  15:18  Hatchery  
  138  15:19  Hatchery  
  136  16:03  Hydralisk x2  
  136  16:04  Hydralisk x6, Roach x3  
  140  16:05  Hydralisk x2, Roach x5  
  140  16:06  Roach  
  174  16:16  Overlord  
  164  16:58  Hydralisk x3  
  164  16:59  Hydralisk x3, Roach x5  
  164  17:00  Roach x2  
  166  17:14  Hydralisk x2  
  166  17:15  Roach  
  88  17:28  Extractor  
  87  17:39  Hydralisk x2  
  87  17:40  Roach x2  
  95  17:51  Hydralisk x3  
  85  18:03  Hydralisk  
  85  18:04  Roach x2  
  85  18:05  Roach  
Show
View Real Time Build Order
Export as new Build Order

DARKWORK Protoss 

Build Orders: Oracle Opening 

Get SALT Encoding   

  12  0:08  Probe (Chrono Boost)  
  13  0:17  Pylon  
  13  0:21  Probe (Chrono Boost)  
  14  0:31  Probe (Chrono Boost)  
  15  0:36  Gateway  
  15  0:41  Assimilator  
  15  0:44  Probe (Chrono Boost)  
  16  0:55  Assimilator, Probe (Chrono Boost)  
  17  1:05  Probe (Chrono Boost)  
  19  1:18  Probe (Chrono Boost)  
  19  1:24  Cybernetics Core  
  19  1:33  Pylon  
  19  1:36  Probe (Chrono Boost)  
  20  1:47  Probe (Chrono Boost)  
  21  2:00  Probe (Chrono Boost)  
  22  2:09  Zealot  
  22  2:12  Mothership Core (Chrono Boost)  
  26  2:21  Pylon  
  26  2:28  Stargate  
  26  2:32  Gateway  
  26  2:39  Probe (Chrono Boost)  
  27  2:44  Pylon  
  27  2:58  Warp Gate  
  27  3:02  Probe (Chrono Boost)  
  29  3:12  Probe (Chrono Boost)  
  26  3:30  Oracle (Chrono Boost)  
  29  3:35  Zealot  
  29  3:36  Pylon, Zealot  
  33  4:00  Probe  
  33  4:12  Probe  
  34  4:17  Oracle (Chrono Boost)  
  34  4:19  Zealot x2  
  41  4:52  Probe  
  42  5:04  Probe  
  43  5:16  Probe  
  43  5:19  Pylon  
  44  5:28  Probe  
  44  5:32  Nexus  
  45  5:37  Pylon  
  45  5:41  Probe  
  46  5:43  Pylon  
  46  5:53  Probe  
  47  6:05  Probe  
  48  6:17  Probe  
  45  6:29  Probe  
  40  6:41  Probe  
  41  6:53  Probe  
  40  7:01  Nexus  
  40  7:03  Assimilator  
  40  7:05  Probe  
  40  7:08  Assimilator, Pylon  
  41  7:10  Oracle (Chrono Boost), Pylon  
  41  7:11  Pylon  
  41  7:12  Pylon  
  41  7:14  Pylon  
  43  7:17  Probe  
  44  7:29  Forge, Probe  
  45  7:31  Forge, Gateway  
  45  7:33  Gateway  
  45  7:42  Probe  
  46  7:45  Oracle (Chrono Boost)  
  46  7:51  Stalker x2  
  51  7:54  Probe  
  51  7:55  Robotics Facility  
  54  8:06  Probe  
  54  8:10  Pylon  
  55  8:15  Twilight Council  
  55  8:18  Probe  
  55  8:19  Probe  
  57  8:27  Protoss Ground Weapons Level 1  
  57  8:30  Probe x2, Protoss Ground Armor Level 1  
  59  8:42  Probe  
  60  8:53  Charge (Chrono Boost)  
  60  9:02  Oracle  
  60  9:04  Probe  
  64  9:15  Observer  
  65  9:28  Nexus  
  64  9:41  Stalker x2  
  68  9:52  Stalker x3  
  70  10:03  Stalker  
  72  10:15  Phoenix  
  74  10:21  Fleet Beacon  
  74  10:26  Stargate  
  74  10:40  Blink (Chrono Boost), Phoenix  
  76  10:44  Probe  
  76  10:46  Probe  
  78  10:55  Probe  
  79  10:58  Probe  
  80  11:09  Probe  
  80  11:10  Probe  
  82  11:12  Stalker x3  
  82  11:13  Stalker  
  90  11:18  Anion Pulse-Crystals (Chrono Boost)  
  90  11:19  Phoenix, Probe  
  93  11:38  Phoenix  
  95  11:44  Phoenix  
  88  12:05  Zealot x2  
  88  12:06  Zealot  
  94  12:09  Probe  
  94  12:11  Probe  
  96  12:20  Probe  
  65  12:48  Assimilator, Probe  
  65  12:50  Assimilator, Probe  
  67  12:52  Zealot x3  
  73  12:59  Probe  
  70  13:22  Phoenix  
  70  13:23  Phoenix  
  70  13:25  Observer  
  75  13:29  Zealot x3  
  71  13:47  Phoenix  
  71  13:48  Phoenix  
  75  13:53  Probe  
  77  13:55  Probe  
  77  14:04  Probe  
  77  14:06  Pylon x2  
  77  14:07  Probe x2  
  77  14:09  Pylon  
  80  14:11  Pylon  
  80  14:12  Phoenix  
  80  14:13  Phoenix  
  80  14:14  Probe  
  85  14:18  Probe  
  85  14:19  Probe  
  87  14:25  Probe  
  87  14:28  Probe  
  89  14:32  Probe  
  89  14:36  Probe  
  89  14:37  Phoenix  
  89  14:38  Phoenix  
  95  14:58  Zealot x2  
  95  14:59  Zealot x2  
  103  15:02  Phoenix x2  
  103  15:04  Probe  
  103  15:06  Probe  
  109  15:07  Stargate  
  109  15:22  Zealot x2  
  109  15:23  Zealot x2  
  109  15:26  Probe  
  109  15:27  Phoenix, Probe  
  120  15:28  Probe  
  99  16:40  Stalker x4  
  99  16:44  Probe  
  99  16:46  Probe  
  107  17:04  Zealot x3  
  81  17:40  Phoenix x3  
  87  18:05  Phoenix x3  
Show
View Real Time Build Order
Export as new Build Order

Leto Terran 

Build Orders: Liberator Opening, Reaper Expand, MMM Bio 

Get SALT Encoding   

  12  0:00  SCV  
  13  0:13  SCV  
  14  0:18  Supply Depot  
  14  0:25  SCV  
  15  0:39  SCV  
  15  0:41  Barracks  
  16  0:46  Refinery  
  16  0:51  SCV  
  17  1:04  SCV  
  18  1:16  SCV  
  19  1:28  Orbital Command  
  19  1:29  Reaper  
  20  1:43  Command Center  
  20  1:51  Supply Depot  
  20  1:54  SCV  
  21  2:01  Marine  
  22  2:11  SCV  
  23  2:17  Refinery  
  23  2:19  Factory  
  23  2:55  Marine  
  23  2:57  Orbital Command  
  24  3:10  Bunker  
  24  3:12  Factory Reactor  
  24  3:13  Starport, Supply Depot  
  24  3:14  SCV  
  24  3:19  Supply Depot  
  25  3:20  Engineering Bay  
  25  3:23  SCV  
  25  3:26  SCV  
  27  3:30  Barracks  
  27  3:35  SCV  
  27  3:36  Liberator  
  27  3:37  Barracks Reactor  
  27  3:39  SCV  
  29  3:47  SCV  
  30  3:51  SCV  
  30  3:52  Hellion x2  
  38  3:59  SCV  
  39  4:07  SCV  
  40  4:12  Marine  
  40  4:13  Hellion, Barracks  
  40  4:14  Hellion  
  40  4:15  SCV  
  46  4:22  Barracks Tech Lab  
  46  4:24  SCV  
  47  4:29  SCV  
  48  4:36  Refinery, SCV  
  49  4:41  Marine x2, SCV  
  49  4:43  Stimpack, Hellion  
  49  4:44  Hellion  
  56  4:48  SCV  
  57  4:57  SCV  
  62  5:31  Marauder, SCV x2  
  62  5:49  Factory Tech Lab  
  62  5:53  Barracks  
  62  6:08  Marine  
  62  6:09  Marine  
  62  6:10  SCV  
  62  6:11  Marine  
  62  6:13  Medivac  
  62  6:42  Medivac  
  62  6:43  Marine x2  
  62  6:45  Marine  
  55  6:55  SCV  
  53  7:01  Marine x2  
  53  7:02  Barracks  
  53  7:03  Marine  
  53  7:05  Command Center, Barracks  
  53  7:06  Refinery  
  56  7:09  Combat Shields  
  56  7:12  Siege Tank  
  56  7:14  Barracks  
  59  7:19  Marauder, Marine  
  59  7:20  Engineering Bay  
  59  7:21  Engineering Bay  
  62  7:26  Supply Depot x2  
  62  7:27  Medivac x2, Marine, SCV x2  
  69  7:30  Barracks Tech Lab  
  69  7:38  Supply Depot  
  69  7:40  SCV  
  70  7:45  Barracks Reactor  
  70  7:47  Marauder, SCV  
  70  7:48  Marine  
  70  7:49  Marauder, Marine, Supply Depot  
  70  7:50  Engineering Bay  
  77  7:52  SCV  
  77  7:57  Barracks Reactor  
  78  7:59  SCV  
  78  8:00  Supply Depot, Barracks Tech Lab  
  78  8:03  Marine  
  78  8:04  Terran Infantry Weapons Level 1  
  80  8:06  Medivac x2, Marine x2  
  80  8:09  Marauder  
  80  8:10  Marine  
  89  8:17  Terran Infantry Armor Level 1, SCV  
  90  8:20  Marine  
  90  8:21  SCV  
  90  8:24  Marine x2  
  94  8:28  Marauder  
  94  8:30  Marine  
  94  8:31  Missile Turret  
  94  8:33  Refinery, Missile Turret  
  97  8:34  Missile Turret  
  97  8:35  Refinery  
  97  8:38  Missile Turret  
  97  8:39  Missile Turret  
  97  8:41  Planetary Fortress  
  97  8:45  Missile Turret  
  97  8:46  Marauder, Marine x3  
  97  8:48  Concussive Shells  
  102  8:49  Medivac  
  102  8:51  Marine  
  102  8:52  Marauder  
  107  8:59  Armory  
  107  9:01  Marine  
  107  9:02  Marauder  
  110  9:04  Barracks Reactor  
  110  9:06  SCV x2  
  112  9:18  SCV x2  
  89  9:44  Marine x2  
  89  9:45  Marauder  
  78  9:51  Marauder, Marine  
  78  9:52  Marine x6  
  83  10:02  Marine  
  83  10:03  Marine  
  83  10:04  Terran Infantry Weapons Level 2  
  83  10:06  Marauder  
  84  10:07  SCV x3  
  84  10:09  Marine x4, Siege Tank  
  93  10:19  SCV  
  94  10:22  Marauder, Marine x3  
  94  10:23  Terran Infantry Armor Level 2  
  94  10:24  Medivac x2  
  103  10:29  Barracks  
  103  10:35  Marine  
  103  10:36  Marauder, Marine x2  
  108  10:43  Command Center  
  108  10:54  Medivac x2  
  108  10:56  Marauder, Marine x6  
  120  10:59  Siege Tank  
  123  11:08  Missile Turret, SCV  
  123  11:10  Missile Turret, Refinery  
  124  11:12  Refinery  
  124  11:15  Marauder, Marine x4  
  129  11:35  Marauder, Marine x4  
  129  11:38  Marauder, Marine x3  
  129  11:49  Marine x2  
  129  11:50  SCV  
  129  11:52  Marine  
  133  11:54  Marine x2  
  133  11:55  Planetary Fortress  
  135  12:12  Medivac x2, Siege Tank  
  135  12:13  Marauder, Marine x4  
  138  12:19  Marauder, Marine x2  
  138  12:22  Terran Infantry Weapons Level 3, Marauder, Marine x2  
  146  12:28  Starport  
  146  12:44  Marauder  
  148  13:03  Terran Infantry Armor Level 3  
  148  13:08  Supply Depot x2  
  148  13:09  Marauder, Barracks Tech Lab, Marine x6  
  148  13:11  Starport Reactor  
  156  13:13  Supply Depot  
  156  13:29  Medivac x2, Marine x4  
  129  13:53  Marine  
  123  14:05  Marauder, Marine x10  
  134  14:11  Marine  
  135  14:23  Marine x8  
  135  14:24  Marauder  
  124  14:34  Marauder, Marine x2  
  114  14:41  Liberator x3  
  110  14:52  Marine  
  110  14:53  Marauder, Marine x9  
  110  14:55  Marine  
  125  15:01  SCV  
  125  15:02  SCV  
  127  15:07  Liberator  
  127  15:11  Marauder  
  127  15:12  Marauder  
  127  15:13  Marauder, Marine x6  
  127  15:14  Marine x3  
  142  15:22  Thor  
  142  15:23  Liberator  
  151  15:30  Marine  
  151  15:31  Marine x5  
  151  15:32  Marauder  
  151  15:33  Marauder x2  
  166  15:43  Marauder, Marine x2  
  166  15:47  Command Center  
  166  15:48  Marine x2  
  166  15:49  Marine x3  
  175  15:57  Marine  
  175  15:58  Marauder, Marine x2  
  180  16:25  Missile Turret  
  180  16:27  Missile Turret  
  180  16:29  Missile Turret  
  180  16:33  Supply Depot  
  180  16:39  Marauder, Marine x6  
  188  16:54  Medivac, Marine x3  
  188  16:55  Marauder, SCV  
  188  16:58  Marine, Siege Tank  
  200  17:05  Medivac  
  157  17:24  Marine  
  157  17:25  Marine x11  
  169  17:38  Medivac x3  
  169  17:42  Marine x5  
  169  17:43  Marine  
  178  17:49  Planetary Fortress  
  178  17:50  Marine x3  
Show
View Real Time Build Order
Export as new Build Order

aska Terran 

Build Orders:  

Get SALT Encoding   

  12  0:01  SCV  
  13  0:14  SCV  
  14  0:19  Supply Depot  
  14  0:26  SCV  
  15  0:41  SCV  
  16  0:44  Barracks  
  16  0:53  SCV  
  16  0:55  Refinery  
  17  1:05  SCV  
  18  1:17  SCV  
  19  1:29  SCV  
  20  1:35  Supply Depot, Refinery  
  20  1:41  SCV  
  20  1:46  Reaper  
  22  1:54  SCV  
  23  2:06  SCV  
  24  2:18  Reaper  
  22  3:06  Orbital Command  
  22  3:12  Command Center  
  22  3:31  Bunker  
  22  3:32  Reaper  
  22  4:04  Reaper  
  23  4:17  Command Center  
  23  4:18  Command Center  
  23  4:22  Factory  
  23  4:27  Supply Depot  
  23  4:29  Supply Depot  
  23  4:36  Reaper, Barracks  
  24  4:46  SCV  
  25  4:58  SCV  
  26  5:08  Reaper  
  27  5:28  Supply Depot  
  27  5:32  Orbital Command  
  27  5:34  Factory Tech Lab  
  27  5:41  Reaper  
  21  7:09  Orbital Command  
  21  7:15  SCV  
  22  7:19  Orbital Command  
  22  7:21  Widow Mine  
  24  7:27  SCV  
  25  7:35  Barracks  
  25  7:37  Barracks x2  
  25  7:39  SCV  
  26  7:50  Widow Mine  
  29  7:51  SCV x2  
  29  7:57  SCV  
  31  8:03  SCV x2  
  33  8:09  SCV  
  34  8:14  Armory  
  34  8:15  Engineering Bay, SCV  
  34  8:18  Widow Mine, Engineering Bay  
  37  8:21  SCV  
  37  8:24  Barracks  
  37  8:25  Barracks x2  
  38  8:27  SCV  
  38  8:32  SCV  
  38  8:33  SCV  
  41  8:39  SCV  
  41  8:40  Refinery  
  42  8:43  Refinery  
  42  8:44  SCV  
  42  8:45  SCV  
  42  8:47  Siege Tank  
  42  8:48  Barracks Tech Lab x3  
  47  8:51  SCV  
  47  8:52  Barracks Tech Lab  
  48  8:56  SCV  
  48  8:57  SCV  
  48  9:01  Terran Infantry Armor Level 1, Terran Infantry Weapons Level 1  
  50  9:13  Starport  
  50  9:19  Siege Tank  
  53  9:28  SCV  
  54  9:40  SCV  
  55  9:50  Starport  
  55  9:53  SCV  
  56  10:05  SCV  
  57  10:17  SCV  
  52  11:08  Barracks Reactor x3  
  52  11:09  Barracks Reactor  
  52  11:10  Terran Vehicle And Ship Armor Level 1  
  52  11:11  Terran Infantry Weapons Level 2, Terran Infantry Armor Level 2  
  52  11:14  Starport Reactor x2  
  52  11:21  Combat Shields  
  52  11:22  Concussive Shells, Stimpack  
  52  11:45  Command Center  
  52  11:46  Command Center  
  52  11:52  Marine  
  52  11:53  Marine x8  
  52  11:54  Marine x2  
  62  12:07  Command Center  
  62  12:16  Marine x4  
  62  12:17  Marauder x2, Marine x6  
  62  12:21  Supply Depot  
  76  12:22  Supply Depot  
  76  12:34  Marauder, Marine  
  76  12:35  Marine x3  
  82  12:38  Marauder x2  
  82  12:39  Medivac x3  
  82  12:44  Supply Depot  
  92  12:45  Medivac  
  92  12:48  Supply Depot  
  94  12:56  Marauder  
  96  12:59  Marauder x2  
  100  13:08  Supply Depot  
  100  13:09  Medivac  
  94  13:13  Supply Depot  
  94  13:17  Marauder  
  89  13:21  Marauder x2  
  93  13:39  Marauder  
  72  14:48  Refinery  
  72  14:52  Refinery  
  72  14:58  Medivac x4  
  80  15:03  Marauder x3  
  86  15:20  Orbital Command  
  86  15:24  Marauder x3  
  86  15:27  Terran Infantry Weapons Level 3  
  86  15:28  Medivac x4, Terran Infantry Armor Level 3  
  96  15:31  Marine x2  
  96  15:32  Marine  
  103  15:45  Marauder x2  
  103  15:46  Marauder  
  109  15:58  Medivac x4  
  117  16:07  Marauder  
  117  16:10  Marine x7  
  117  16:11  Marine x4  
  119  16:27  Marine x2  
  119  16:28  Medivac x4, Marine x8  
  119  16:29  Marine  
  29  17:25  Marine x4  
  29  17:26  Marine x8  
  41  17:43  Marine x6  
  41  17:44  Marine x6  
  53  18:01  Marine x2  
  55  18:06  Command Center  
Tags
 
Add a new tag
Caveats
  • Supply blocks, unpowered buildings, or Contaminate may cause inaccurate times.
  • Supply counts are checked every 10 seconds.